 Dungeon Crawl Stone Soup version 0.18.1-6-gd335043 (webtiles) character file.

13139 M4edhros the Spear-Bearer (level 12, 0/70 HPs)
             Began as a Formicid Fighter on May 16, 2016.
             Was an Elder of Dithmenos.
             Shot with an arrow by Nessos (1 damage)
             ... on level 12 of the Dungeon.
             The game lasted 00:25:41 (13101 turns).

M4edhros the Spear-Bearer (Formicid Fighter)       Turns: 13101, Time: 00:25:41

Health: 0/70       AC: 16    Str: 22    XL:     12   Next: 29%
Magic:  12/12      EV: 14    Int:  6    God:    Dithmenos [****..]
Gold:   332        SH: 12    Dex: 19    Spells: 1 memorised, 5 levels left

rFire  + . .     SeeInvis +     a - +0 trident
rCold  + . .     Gourm    .     E - +2 plate armour {rC+}
rNeg   . . .     Faith    .     c - +0 shield
rPois  .         Spirit   .     (helmet unavailable)
rElec  .         Dismiss  .     (no cloak)
rCorr  .         Reflect  .     (no gloves)
SustAt +         Harm     +     (no boots)
MR     +....                    j - amulet of harm
Stlth  ..........               (no ring)
                                N - ring of sustain attributes

@: agile, lethally poisoned (0 -> -17), wreathed by umbra, somewhat resistant to
hostile enchantments, extremely unstealthy
A: permanent stasis, dig shafts and tunnels, four strong arms, antennae 3,
yellow scales 1, dopey 1, fire resistance 1, frail 2, no device heal 1
a: Dig, Shaft Self, Shadow Step, Renounce Religion


You were on level 12 of the Dungeon.
You worshipped Dithmenos.
Dithmenos was greatly pleased with you.
You were not hungry.

You visited 2 branches of the dungeon, and saw 13 of its levels.
You also visited: Ossuary.

You collected 716 gold pieces.
You spent 384 gold pieces at shops.

Inventory:

Hand Weapons
 a - a +0 trident (weapon)
 y - a +0 blowgun
 K - a +2 dagger of venom
 P - a +1 executioner's axe
Missiles
 u - 8 javelins of returning (quivered)
 D - 16 poisoned needles
Armour
 c - a +0 shield (worn)
 i - a +2 chain mail of magic resistance
 E - a +2 plate armour of cold resistance (worn)
Jewellery
 j - an amulet of harm (around neck)
 N - a ring of sustain attributes (left hand)
Wands
 s - a wand of disintegration (3/24)
 C - a wand of digging (11/24)
 J - a wand of acid (0/15)
 O - a wand of random effects (6/48)
Scrolls
 e - 6 scrolls of recharging
 h - 3 scrolls of noise
 n - 8 scrolls of remove curse
 q - 2 scrolls of enchant armour
 w - 3 scrolls of identify
 z - 5 scrolls of magic mapping
Potions
 d - 2 potions of might
 p - 2 potions of brilliance
 r - a potion of agility
 t - 3 potions of cancellation
 v - a potion of ambrosia
 x - 2 potions of flight
 A - 3 potions of magic
Books
 g - a book of Annihilations

   Spells                             Type                      Level
   a - Poison Arrow                   Conjuration/Poison           6
   b - Chain Lightning                Conjuration/Air              8
   c - Lehudib's Crystal Spear        Conjuration/Earth            8
   d - Glaciate                       Conjuration/Ice              9
   e - Fire Storm                     Conjuration/Fire             9
 k - a Grand Grimoire

   Spells                             Type                      Level
   a - Monstrous Menagerie            Summoning                    7
   b - Summon Greater Demon           Summoning                    7
   c - Malign Gateway                 Summoning/Translocation      7
   d - Summon Horrible Things         Summoning                    8
 l - a book of the Earth

   Spells                             Type                      Level
   a - Leda's Liquefaction            Hexes/Earth                  4
   b - Bolt of Magma                  Conjuration/Fire/Earth       5
   c - Statue Form                    Transmutation/Earth          6
   d - Iron Shot                      Conjuration/Earth            6
   e - Shatter                        Earth                        9
 B - a book of Fire

   Spells                             Type                      Level
   a - Ignite Poison                  Fire/Transmutation/Poison    3
   b - Fireball                       Conjuration/Fire             5
   c - Bolt of Fire                   Conjuration/Fire             6
   d - Delayed Fireball               Conjuration/Fire             7
   e - Ring of Flames                 Charms/Fire                  7
   Dithmenos disapproves of the use of such an item.
 M - a book of Transfigurations

   Spells                             Type                      Level
   a - Irradiate                      Conjuration/Transmutation    5
   b - Statue Form                    Transmutation/Earth          6
   c - Hydra Form                     Transmutation                6
   d - Dragon Form                    Transmutation                7
Miscellaneous
 H - a plain deck of war {drawn: 4}
Comestibles
 b - 26 fruits
 f - 5 bread rations
 m - 2 beef jerkies
 o - 6 meat rations
 F - 5 slices of pizza
 G - 7 chunks of flesh


   Skills:
 - Level 6.2 Fighting
 * Level 8.3(11.9) Axes
 - Level 13.4(14.2) Polearms
 * Level 5.7 Armour
 - Level 4.5 Dodging
 + Level 8.0 Shields


You had 5 spell levels left.
You knew the following spells:

 Your Spells              Type           Power        Failure   Level  Hunger
a - Statue Form           Trmt/Erth      #........    100%        6    #######


Dungeon Overview and Level Annotations

Branches:
Dungeon (12/15)            Temple (1/1) D:5            Lair (0/8) D:9
    Orc (0/2) D:10

Altars:
Ashenzari
Cheibriados
Dithmenos
Elyvilon
Fedhas
Gozag
Kikubaaqudgha
Makhleb
Nemelex Xobeh
Okawaru
Pakellas
Qazlal
Ru
Sif Muna
Trog
Vehumet
Xom
Yredelemnul
Zin
The Shining One

Shops:
D:9 (   D:11 !

Portals:
Trove: D:11 (give 22 scrolls of identify)

Annotations:
D:12 Nessos


Innate Abilities, Weirdness & Mutations

You are under a permanent stasis effect.
You can dig through walls and to a lower floor.
Your four strong arms can wield two-handed weapons with a shield.
You have a pair of large antennae on your head (SInv).
You are partially covered in yellow scales (AC +2).
You are dopey. (Int -2)
Your flesh is heat resistant.
You are very frail (-20% HP).
Potions and wands are less effective at restoring your health.


Message History

You feel less confused.
* * * LOW HITPOINT WARNING * * *
You feel sick.
Nessos shoots an arrow.
You block the arrow.
Nessos blinks!
Unknown command.
Unknown command.
Unknown command.
Unknown command.
* * * LOW HITPOINT WARNING * * *
You feel sick.
Nessos shoots an arrow.
You block the arrow.
You see here an arrow.
Unknown command.
Unknown command.
Unknown command.
Unknown command.
* * * LOW HITPOINT WARNING * * *
You feel sick.
Nessos shoots an arrow.
The arrow hits you.
* * * LOW HITPOINT WARNING * * *
The arrow burns you.
You are more poisoned.
You die...

,,,,,,*,,,* *,,,,.#******#..#
,,,,*,,,,####***>..########..####
,,,,*,,,,#...* **............#<..
,,,,,,,,,#(..####.>#.*#......###.
,,,,,,,,,#..c......#.*#......# #.
*,,,,,∩,,#.........#.*#......###.
*,,,,,,,,*#........#.##.....##...
*,,,,,,{,,,,*#5..#...............
*,,,,,,,,,,,*#((@####(#.....####.
*,,,,,,,,,{,####(()((...)........
,,****,,,,,,#†))(.....#####.####.
,,****.......)................,..
,,,,,*####?............###.###.##
,,,,,* #.............# #.* *,#
,,,,,****#.....).......#*#.***,**
,,,,,,,,...............#,..*,,,,,
,,,,,,,...$.............,,,,,,,,*


You could see Nessos and a white imp.

Vanquished Creatures
  A queen ant (D:11)
  An unseen horror (D:10)
  A hill giant (D:12)
  A cyclops (D:11)
  An ugly thing (D:11)
  The ghost of CrazyArbalest the Bolt Thrower, a novice MiHu (D:5)
  A gargoyle (D:10)
  Psyche (D:10)
  A wyvern (D:9)
  12 yaks
  A steam dragon (D:12)
  3 hungry ghosts
  9 soldier ants (D:11)
  4 sky beasts
  3 ice beasts
  4 orc warriors
  4 ogres
  4 phantoms
  7 centaurs
  A crocodile (D:9)
  3 elf zombies (Ossuary)
  2 big kobolds
  4 giant frogs
  A wyvern skeleton (D:9)
  A scorpion (D:11)
  A water moccasin skeleton (D:9)
  4 troll zombies (D:10)
  3 howler monkeys
  4 crimson imps
  5 centaur zombies
  4 hounds
  2 jellies
  4 centaur skeletons
  12 orc wizards
  4 orc priests
  2 giant frog zombies
  2 human zombies (Ossuary)
  2 giant frog skeletons
  3 iguanas
  28 worker ants
  A big kobold zombie (Ossuary)
  2 ogre zombies (D:10)
  A hound zombie (D:6)
  2 mummies (Ossuary)
  2 worker ant zombies
  4 gnolls (D:6)
  8 adders
  A shadow imp (D:11)
  4 white imps (D:12)
  An ooze (D:3)
  2 worms
  A dart slug (D:1)
  3 giant geckos
  43 orcs
  A ball python (D:2)
  4 giant cockroaches
  6 goblins
  8 hobgoblins
  11 jackals
  16 kobolds
  7 quokkas
  A ball python skeleton (D:4)
  9 bats
  2 giant newts
  2 goblin skeletons (D:10)
  4 goblin zombies
  A hobgoblin skeleton (D:10)
  12 hobgoblin zombies
  8 kobold zombies (Ossuary)
  2 orc skeletons (D:10)
  15 orc zombies
  7 rats
  2 rat zombies (Ossuary)
345 creatures vanquished.

Vanquished Creatures (others)
  A jelly (D:5)
1 creature vanquished.

Grand Total: 346 creatures vanquished

Notes
Turn   | Place    | Note
--------------------------------------------------------------
     0 | D:1      | M4edhros the Formicid Fighter began the quest for the Orb.
     0 | D:1      | Reached XP level 1. HP: 18/18 MP: 1/1
   124 | D:1      | Reached XP level 2. HP: 22/24 MP: 2/2
   214 | D:1      | Reached skill level 3 in Polearms
   488 | D:1      | Reached XP level 3. HP: 29/29 MP: 3/3
   669 | D:2      | Found a white marble altar of Elyvilon.
   904 | D:2      | Found a shattered altar of Ashenzari.
  1061 | D:3      | Reached skill level 4 in Polearms
  1061 | D:3      | Reached XP level 4. HP: 25/35 MP: 4/4
  1348 | D:4      | Reached XP level 5. HP: 41/41 MP: 5/5
  1357 | D:4      | Found an ancient bone altar of Kikubaaqudgha.
  1549 | D:4      | Found a blossoming altar of Fedhas.
  1612 | D:4      | Reached skill level 5 in Polearms
  1637 | D:4      | Found a sand-covered staircase.
  1644 | Ossuary  | Entered an ossuary
  1871 | Ossuary  | Reached skill level 6 in Polearms
  1871 | Ossuary  | Reached XP level 6. HP: 45/47 MP: 6/6
  2027 | Ossuary  | Reached skill level 7 in Polearms
  2027 | Ossuary  | Reached XP level 7. HP: 44/52 MP: 7/7
  2146 | Ossuary  | Reached skill level 8 in Polearms
  2846 | D:5      | Entered Level 5 of the Dungeon
  2850 | D:5      | Reached XP level 8. HP: 55/58 MP: 8/8
  2970 | D:5      | Reached skill level 9 in Polearms
  2991 | D:5      | Found a deep blue altar of Sif Muna.
  3009 | D:5      | Noticed CrazyArbalest's ghost (novice MiHu)
  3140 | D:5      | Found a staircase to the Ecumenical Temple.
  3173 | Temple   | Entered the Ecumenical Temple
  3180 | Temple   | Became a worshipper of Dithmenos the Shadowed
  3829 | D:3      | Found a faded altar to an unknown god.
  4078 | D:3      | Reached * piety under Dithmenos
  4490 | D:5      | Killed CrazyArbalest's ghost
  4490 | D:5      | Reached skill level 10 in Polearms
  4490 | D:5      | Reached XP level 9. HP: 31/64 MP: 9/9
  4635 | D:5      | Found an oddly glowing altar of Pakellas.
  4635 | D:5      | Noticed an orange crystal statue
  4802 | D:6      | Reached skill level 11 in Polearms
  5483 | D:6      | Gained mutation: You occasionally shout uncontrollably at your foes. [mutagenic meat]
  5554 | D:6      | Reached skill level 12 in Polearms
  5556 | D:6      | Found a burning altar of Makhleb.
  5563 | D:6      | Got a blackened hunting sling
  5564 | D:6      | Identified the cursed +2 hunting sling of Zovvetam {flame, rElec} (You found it on level 6 of the Dungeon)
  5588 | D:6      | Noticed an Executioner
  5591 | D:6      | Noticed a hellwing
  5591 | D:6      | Noticed an orange demon
  5744 | D:6      | Reached ** piety under Dithmenos
  5886 | D:6      | Lost mutation: You occasionally shout uncontrollably at your foes. [potion of cure mutation]
  6321 | D:7      | You fall through a shaft!
  6435 | D:8      | Reached XP level 10. HP: 48/70 MP: 10/10
  6915 | D:8      | Found a sacrificial altar of Ru.
  6926 | D:8      | Learned a level 6 spell: Statue Form
  6984 | D:8      | Found a shimmering altar of Xom.
  7059 | D:8      | Reached skill level 13 in Polearms
  7822 | D:9      | Found Ahiemy's Antique Weapon Shop.
  7834 | D:9      | Bought an executioner's axe for 190 gold pieces
  7846 | D:9      | Gained mutation: You are agile. (Dex +2) [potion of mutation]
  7846 | D:9      | Gained mutation: You are frail (-10% HP). [potion of mutation]
  7846 | D:9      | Gained mutation: Potions and wands are less effective at restoring your health. [potion of mutation]
  7953 | D:9      | Reached skill level 1 in Axes
  8026 | D:9      | Found a sparkling altar of Nemelex Xobeh.
  8171 | D:9      | Reached skill level 1 in Dodging
  8188 | D:9      | Reached *** piety under Dithmenos
  8273 | D:9      | Found a staircase to the Lair.
  8852 | D:10     | Entered Level 10 of the Dungeon
  9482 | D:10     | Noticed a gargoyle
  9497 | D:10     | Reached skill level 5 in Shields
  9541 | D:10     | Killed a gargoyle
  9541 | D:10     | Reached XP level 11. HP: 29/70 MP: 11/11
  9840 | D:10     | Found a staircase to the Orcish Mines.
 10091 | D:10     | Reached skill level 5 in Fighting
 10098 | D:10     | Reached skill level 5 in Axes
 10241 | D:10     | Noticed Psyche
 10248 | D:10     | Killed Psyche
 10361 | D:10     | Noticed an unseen horror
 10385 | D:10     | Killed an unseen horror
 10488 | D:11     | Found a portal to a secret trove of treasure.
 10516 | D:11     | Reached **** piety under Dithmenos
 10549 | D:11     | Noticed a cyclops
 10564 | D:11     | Killed a cyclops
 10804 | D:11     | Noticed a white ugly thing
 10839 | D:11     | Killed a white ugly thing
 10862 | D:11     | Lost mutation: You are agile. (Dex +2) [mutagenic meat]
 10863 | D:11     | Gained mutation: You are dopey. (Int -2) [mutagenic meat]
 10864 | D:11     | Gained mutation: You are weak. (Str -2) [mutagenic meat]
 10900 | D:11     | Found Xaderchu's Distillery.
 11076 | D:11     | Bought a potion of might for 52 gold pieces
 11076 | D:11     | Bought a potion of mutation for 32 gold pieces
 11076 | D:11     | Bought a potion of mutation for 32 gold pieces
 11076 | D:11     | Bought a potion of lignification for 39 gold pieces
 11076 | D:11     | Bought a potion of lignification for 39 gold pieces
 11166 | D:11     | Lost mutation: You are weak. (Str -2) [potion of mutation]
 11166 | D:11     | Gained mutation: You are partially covered in yellow scales (AC +2). [potion of mutation]
 11167 | D:11     | Gained mutation: You are very frail (-20% HP). [potion of mutation]
 11167 | D:11     | Gained mutation: Your flesh is heat resistant. [potion of mutation]
 11962 | D:11     | Noticed a queen ant
 11982 | D:11     | Killed a queen ant
 11982 | D:11     | Reached XP level 12. HP: 70/70 MP: 12/12
 12467 | D:11     | Reached skill level 5 in Armour
 12945 | D:12     | Noticed a seven-headed hydra
 13087 | D:12     | Noticed Nessos
 13101 | D:12     | HP: 1/70 [Nessos/arrow (6)]
 13101 | D:12     | Shot with an arrow by Nessos

Skill      XL: |  1  2  3  4  5  6  7  8  9 10 11 12 |
---------------+-------------------------------------+-----
Polearms       | 3 4 6 7 8 10 12 13 | 13.4
Axes           | 4 7 8 |  8.3
Dodging        | 2 4 |  4.5
Shields        | 5 7 8 |  8.0
Fighting       | 4 6 |  6.2
Armour         | 4 5 |  5.7

Action                   |  1- 3 |  4- 6 |  7- 9 | 10-12 || total
-------------------------+-------+-------+-------+-------++-------
Melee: Trident           |   136 |   187 |   585 |   949 ||  1857
       Dagger            |       |       |       |    35 ||    35
       Executioner's axe |       |       |       |     8 ||     8
Evoke: Wand              |       |       |       |     3 ||     3
       Deck              |       |       |       |     4 ||     4
  Use: Potion            |       |       |     3 |    16 ||    19
       Scroll            |       |       |     1 |    21 ||    22
  Eat: Chunk             |       |     3 |    13 |    21 ||    37
       Royal jelly       |       |       |     1 |       ||     1
       Meat ration       |       |       |       |     3 ||     3
Armor: Scale mail        |    41 |       |       |       ||    41
       Plate armour      |    10 |    86 |   169 |   101 ||   366
       Chain mail        |       |       |    15 |   121 ||   136
       Skin              |       |       |       |    31 ||    31
Dodge: Dodged            |    35 |    22 |    63 |   205 ||   325
Block: Shield            |    81 |    71 |   189 |   285 ||   626
